 Dungeon Crawl Stone Soup version 0.28-a0-724-g66f9036eb4 (webtiles) character file.

Game seed: 3011411512613706169

144 Lekart the Gusty (level 5, -10/38 HPs)
             Began as a Draconian Air Elementalist on Oct 26, 2021.
             Mangled by an orc warrior (12 damage)
             ... on level 6 of the Dungeon.
             The game lasted 00:08:56 (3276 turns).

Lekart the Gusty (Draconian Air Elementalist)       Turns: 3276, Time: 00:08:56

Health: -10/38     AC:  7    Str: 10    XL:     5   Next: 5%
Magic:  9/9        EV: 16    Int: 16    God:
Gold:   104        SH:  0    Dex: 12    Spells: 6/10 levels left

rFire   . . .      SeeInvis .   (no weapon)
rCold   . . .      Faith    .   (no shield)
rNeg    . . .      Spirit   .   (armour unavailable)
rPois   .          Reflect  .   i - +2 hat
rElec   .          Harm     .   (no cloak)
rCorr   .          Rampage  .   (no gloves)
Will    .....                   (no boots)
Stlth   ++........              (no amulet)
HPRegen 0.12/turn               d - +4 ring of evasion
MPRegen 0.11/turn               (no ring)

@: attractive, flying, slowed, very slow
A: AC +5, unfitting armour, cold-blooded
a: no special abilities


You were on level 6 of the Dungeon.
You visited 1 branch of the dungeon, and saw 5 of its levels.

You collected 104 gold pieces.

Inventory:

Hand Weapons
 l - the +8 demon blade "Laocwoz" {drain, +Blink rElec rF- rC+}
   (You acquired it on level 6 of the Dungeon)

   A truly terrible weapon, it drains the life of any living foe it strikes.
   rF:        It makes you vulnerable to fire.
   rC:        It protects you from cold.
   rElec:     It insulates you from electricity.
   +Blink:    It lets you blink.
Missiles
 c - 19 poisoned darts
Armour
 i - a +2 hat (worn)
Jewellery
 d - a +4 ring of evasion (left hand)
 g - a +6 ring of dexterity
Scrolls
 b - 2 scrolls of identify
 f - 2 scrolls of blinking
 m - a scroll of enchant weapon {unknown}
 n - a scroll of amnesia {unknown}
Potions
 h - a potion of brilliance


   Skills:
 + Level 2.2 Dodging
 + Level 2.0 Stealth
 + Level 0.4 Unarmed Combat
 + Level 3.1 Spellcasting
 + Level 2.7 Conjurations
 + Level 0.4 Summonings
 + Level 3.6 Air Magic


You had 6 spell levels left.
You knew the following spells:

 Your Spells              Type           Power      Damage    Failure   Level
a - Shock                 Conj/Air       48%        1d6       4%          1
b - Static Discharge      Conj/Air       12%        N/A       8%          2
c - Summon Small Mammal   Summ           12%        N/A       16%         1

Your spell library contained the following spells:

 Spells                   Type           Power      Damage    Failure   Level
 Swiftness                Air            14%        N/A       12%         3
 Airstrike                Air            7%         N/A       38%         4
 Call Canine Familiar     Summ           3%         N/A       43%         3
 Summon Guardian Golem    Hex/Summ       3%         N/A       45%         3
 Sticky Flame             Conj/Fire      6%         2d3       71%         4
 Dispel Undead            Necr           2%         3d7       88%         4


Dungeon Overview and Level Annotations

Branches:
Dungeon (4/15)
 Temple: D:4-7

Altars:
Cheibriados
Gozag
Wu Jian

Shops:
D:2 [

Annotations:
D:3 exclusion: downstairs


Innate Abilities, Weirdness & Mutations

Your plain brown scales are hard. (AC +5)
You cannot fit into any form of body armour.
You are cold-blooded and may be slowed by cold attacks.


Message History

The orc hits you with a +0 dagger. The wraith hits you.
The wraith drains your vigour!
You feel as though you will be slow longer.
The orc priest mumbles some strange prayers to Beogh against you.
You barely resist.
The orc wizard points at you and mumbles some strange words.
You resist with some effort.
A wight comes into view. It is wielding a +0 long sword.
The orc barely misses you. The orc warrior closely misses you.
The orc closely misses you. The wraith closely misses you.
The orc priest miscasts a cantrip.
The wight is attracted toward you. x2
It was a potion of flight.
You feel very buoyant.
You fly up into the air.
The orc priest hits you but does no damage.
The orc wizard misses you. The orc warrior closely misses you.
The orc barely misses you. The orc misses you. The wraith hits you!
The wraith drains your vigour!
You feel as though you will be slow longer.
The orc warrior hits you but does no damage.
The orc priest barely misses you.
The orc wizard hits you with a +0 dagger.
The wight is attracted toward you.
You feel better.
The orc warrior hits you with a +0 short sword!
The orc misses you. The orc closely misses you. The wraith closely misses you.
A wight comes into view. It is wielding a +0 battleaxe.
The orc warrior hits you with a +0 dire flail!
* * * LOW HITPOINT WARNING * * *
The orc priest misses you.
The orc wizard hits you but does no damage.
The orc barely misses you.
The orc warrior hits you with a +0 short sword.
* * * LOW HITPOINT WARNING * * *
The orc hits you with a +0 mace.
* * * LOW HITPOINT WARNING * * *
The orc closely misses you. The wraith completely misses you.
The orc warrior hits you with a +0 dire flail!
You die...

+### ....#
.....#
z.....#
...§§..##
......z.##
..!z..ooo#
.....oo@o#
.⌠....Woo#
♣.....o{o#
♣........#
$⌠.......#
.........#
.........#
........##
.......##


You could see a wraith, 2 orc warriors, 3 wights, 2 orc priests, an orc wizard
and 5 orcs.

Vanquished Creatures
  A bullfrog skeleton (D:4)
  A mummy (D:3)
  3 adders (D:3)
  A howler monkey skeleton (D:3)
  A worm (D:3)
  3 dart slugs
  4 orcs (D:3)
  2 ball pythons (D:1)
  7 endoplasms
  3 giant cockroaches
  4 goblins
  3 hobgoblins
  4 jackals (D:3)
  3 quokkas
  2 bats
  2 frilled lizards
  4 kobolds (D:1)
  4 rats
52 creatures vanquished.

Vanquished Creatures (others)
  10 plants (D:2)
10 creatures vanquished.

Grand Total: 62 creatures vanquished

Notes
Turn   | Place    | Note
-------+----------+-------------------------------------------
     0 | D:1      | Lekart the Draconian Air Elementalist began the quest for
                  | the Orb.
     0 | D:1      | Reached XP level 1. HP: 14/14 MP: 3/3
   113 | D:1      | Reached XP level 2. HP: 15/20 MP: 0/5
   168 | D:1      | Learned a level 2 spell: Static Discharge
   412 | D:1      | Learned a level 1 spell: Summon Small Mammal
   440 | D:1      | Found a faded altar of an unknown god.
  1171 | D:2      | Reached XP level 3. HP: 26/26 MP: 3/6
  1328 | D:2      | Found Qofoziv's Antique Armour Shoppe.
  1708 | D:3      | Found an opulent altar of Gozag.
  2155 | D:3      | Reached XP level 4. HP: 33/33 MP: 4/8
  2214 | D:3      | Found a snail-covered altar of Cheibriados.
  2507 | D:3      | Found an ornate altar of the Wu Jian Council.
  3128 | D:4      | Noticed an ogre
  3171 | D:4      | Reached XP level 5. HP: 29/38 MP: 9/9
  3263 | D:4      | You fall into a shaft and drop 2 floors!
  3263 | D:6      | Noticed a wraith
  3265 | D:6      | Identified a scroll of acquirement
  3265 | D:6      | Acquired the +8 demon blade "Laocwoz" {drain, +Blink rElec
                  | rF- rC+}
  3266 | D:6      | Noticed an orc warrior
  3267 | D:6      | Noticed an orc warrior
  3276 | D:6      | Mangled by an orc warrior

Illustrated notes

Levels and vault maps discovered:
D:1:      minmay_arrival_three_doors, layout_rooms,
          hellmonk_ecumenical_altar_arch_garden
D:2:      layout_loops_ring, serial_shops, shop, serial_bayou_lagoon_b
D:3:      layout_loops_cross, slow_altar_1, amcnicky_altar_gilded,
          mainiacjoe_overflow_concentric_impassable, kennysheep_minor_cross,
          minmay_fractal_squares_diagonal_5
D:4:      layout_basic, zin_purify, serial_shops,
          nicolae_shop_temple_entry_statues_fountains, shop, shop
D:6:      kennysheep_big_flooded_room, layout_loops_cross,
          mainiacjoe_overflow_small_starburst, minmay_temple_entry_nine_rooms,
          serial_shops, shop, chequers_serial_rivers_marsh, uniq_sigmund

Skill      XL: |  1  2  3  4 |
---------------+-------------+-----
Dodging        | 2 |  2.2
Stealth        | 2 |  2.0
Spellcasting   | 3 |  3.1
Conjurations   | 2 |  2.7
Unarmed Combat | |  0.4
Summonings     | |  0.4
Air Magic      | |  3.6

Action                   |  1- 3 |  4- 6 || total
-------------------------+-------+-------++-------
Melee: Unarmed           |    57 |    28 ||    85
       Tailslap          |     7 |     5 ||    12
       Punch             |       |     1 ||     1
 Cast: Shock             |    62 |    41 ||   103
       Summon Small Mamm |     9 |       ||     9
       Static Discharge  |     2 |       ||     2
  Use: Potion            |     3 |     4 ||     7
       Scroll            |     3 |     2 ||     5
Armor: Skin              |    22 |    13 ||    35
Dodge: Dodged            |    62 |    60 ||   122

Table legend: (Time is in decaauts)
 A = Elapsed time spent in this place.
 B = Non-inter-level travel time spent in this place.
 C = Inter-level travel time spent in this place.
 D = Time resting spent in this place.
 E = Time spent auto-exploring this place.
 F = Levels seen in this place.
 G = Mean time per level.
                   A        B        C        D        E       F      G
               +--------+--------+--------+--------+--------+-----+--------+
         Total |   3299 |   3181 |    118 |    187 |   2473 |   5 |  659.8 |
       Dungeon |   3299 |   3181 |    118 |    187 |   2473 |   5 |  659.8 |
               +--------+--------+--------+--------+--------+-----+--------+

Top non-repeatable levels by time:
     D:3: 1516 daAuts
     D:1: 854 daAuts
     D:2: 807 daAuts
     D:4: 106 daAuts
     D:6: 15 daAuts
